 Dungeon Crawl Stone Soup version 0.29.1-15-g9cfb28693d (webtiles) character file.

Game seed: 3281977780726205097

96 H0rd4k the Charlatan (level 4, 0/30 HPs)
             Began as an Octopode Artificer on Feb 27, 2023.
             Slain by an orc
             ... wielding a +0 trident
              (5 damage)
             ... on level 3 of the Dungeon.
             The game lasted 00:02:16 (2466 turns).

H0rd4k the Charlatan (Octopode Artificer)           Turns: 2466, Time: 00:02:18

Health: 0/30       AC:  1    Str: 11    XL:     4   Next: 67%
Magic:  7/7        EV: 13    Int: 18    God:
Gold:   113        SH:  0    Dex: 12    Spells: 7/7 levels left

rFire   x . .      SeeInvis .   n - +4 trident of Proximity {vorpal, rElec rF- Will++ Int+3}
rCold   . . .      Faith    .   (no shield)
rNeg    . . .      Spirit   .   (helmet restricted)
rPois   .          Reflect  .   (no amulet)
rElec   +          Harm     .   (no ring)
rCorr   .          Rampage  .   (no ring)
Will    ++...                   (no ring)
Stlth   +++.......              (no ring)
HPRegen 0.10/turn               (no ring)
MPRegen 0.10/turn               (no ring)
                                (no ring)
                                (no ring)

@: no status effects
A: almost no armour, amphibious, 8 rings, camouflage 1, gelatinous body 1,
(nimble swimmer 1), tentacles
a: no special abilities


You were on level 3 of the Dungeon.
You visited 1 branch of the dungeon, and saw 3 of its levels.

You collected 113 gold pieces.

Inventory:

Hand Weapons
 n - the +4 trident of Proximity (weapon) {vorpal, rElec rF- Will++ Int+3}
   (You found it on level 2 of the Dungeon)

   It inflicts extra damage upon your enemies.
   Int:       It affects your intelligence (+3).
   rF:        It makes you vulnerable to fire.
   rElec:     It insulates you from electricity.
   Will:      It greatly increases your willpower.
Missiles
 m - 6 poisoned darts
Wands
 b - a wand of flame (15) (quivered)
 c - a wand of charming (15)
 d - a wand of iceblast (5)
Scrolls
 a - a scroll of teleportation {unknown}
 g - 3 scrolls of identify {unknown}
 h - a scroll of enchant weapon {unknown}
 i - a scroll of poison {unknown}
 j - 2 scrolls of blinking {unknown}
Potions
 e - 2 potions of flight {unknown}
 f - 3 potions of curing {unknown}
 k - a potion of haste {unknown}
 l - 2 potions of lignification {unknown}


   Skills:
 * Level 2.4 Fighting
 + Level 0.4 Polearms
 - Level 2.3 Dodging
 - Level 1.3 Stealth
 + Level 2.0 Unarmed Combat
 * Level 2.1 Spellcasting
 - Level 3.2 Evocations


You had 7 spell levels left.
You didn't know any spells.
Your spell library contained the following spells:

 Spells                   Type           Power      Damage    Failure   Level
 Beastly Appendage        Tmut           2%         N/A       19%         1
 Ensorcelled Hibernation  Hex/Ice        2%         N/A       26%         2
 Wereblood                Tmut           1%         N/A       26%         2
 Spider Form              Tmut/Pois      1%         N/A       47%         3
 Anguish                  Hex/Necr       0%         N/A       87%         4


Dungeon Overview and Level Annotations

Branches:
Dungeon (3/15)

Altars:


Innate Abilities, Weirdness & Mutations

You cannot wear most types of armour.
You are amphibious.
You can wear up to eight rings at the same time.
Your skin changes colour to match your surroundings (Stealth+).
Your rubbery body absorbs attacks. (AC +1, EV +1)
((You are camouflaged when in or above water. (Stealth+)))
You have tentacles for arms and can constrict up to eight enemies at once.


Message History

You hit the endoplasm.
The endoplasm is severely wounded.
The endoplasm barely misses you.
You puncture the endoplasm!
You kill the endoplasm!
No target in view!
An orc priest and 2 orcs come into view.
No reachable target in view!
There are monsters nearby!
No reachable target in view!
There are monsters nearby!
No reachable target in view!
There are monsters nearby!
No reachable target in view!
No reachable target in view!
No reachable target in view!
An orc priest and 2 orcs come into view.
Found 13 gold pieces.
The orc shouts!
The orc priest shouts!
The orc shouts!
You reach to attack!
You closely miss the orc. You hit the orc.
You kill the orc!
The orc closely misses you.
You hit the orc but do no damage. Your grab misses the orc.
Your squeeze misses the orc.
The orc hits you from afar with a +0 trident.
You hit the orc. You grab the orc.
The orc is severely wounded.
You constrict the orc.
The orc priest miscasts a cantrip.
The orc hits you from afar with a +0 trident!
The orc misses you.
You hit the orc.
You kill the orc!
The orc priest invokes the aid of Beogh against you.
Beogh smites you!
* * * LOW HITPOINT WARNING * * *
The orc priest miscasts a cantrip.
The orc hits you from afar with a +0 trident.
You die...

....####..#######..#
.........###$⌠$###.#
..#...#..##.....##.#
..#...#..#.....o.#.#
..#...#..#.8...8.#.#
..#...#..#......o#.#
......#..#.....o.#.#
#.....#..#.....o)#.#
#.....#..#.8...8@#.#
......#..#.....).#.#
...................#
...####...............#
##.##............##......
#.##............. .##...
#........###....# ## ..
####.#...######## .
#####.###........


You could see 2 orc priests and 2 orcs.

Vanquished Creatures
  3 adders
  A worm (D:3)
  2 dart slugs
  2 orcs (D:3)
  2 ball pythons
  5 endoplasms
  A giant cockroach (D:2)
  9 goblins
  3 hobgoblins
  5 kobolds
  A quokka (D:1)
  7 bats
  12 frilled lizards
  9 rats
62 creatures vanquished.

Notes
Turn   | Place    | Note
-------+----------+-------------------------------------------
     0 | D:1      | H0rd4k the Octopode Artificer began the quest for the Orb.
     0 | D:1      | Reached XP level 1. HP: 13/13 MP: 1/1
   164 | D:1      | Reached XP level 2. HP: 13/18 MP: 1/3
   167 | D:1      | Reached skill level 1 in Spellcasting
   683 | D:1      | Reached XP level 3. HP: 24/24 MP: 5/5
   867 | D:1      | Found a faded altar of an unknown god.
  1036 | D:1      | Reached skill level 1 in Unarmed Combat
  1575 | D:2      | Reached XP level 4. HP: 24/29 MP: 6/6
  1641 | D:2      | Identified the +4 trident of Proximity {vorpal, rElec rF-
                  | Will++ Int+3}
  2466 | D:3      | Slain by an orc

Illustrated notes

Levels and vault maps discovered:
D:1:      giann_wishing_wells, layout_basic,
          hellmonk_ecumenical_altar_inner_sanctum, minmay_misc_feat_nine_boxes,
          minmay_lizard_pond
D:2:      cheibrodos_helix_gallery, layout_rooms, kennysheep_pointless_box
D:3:      cheibrodos_pilgrimage, layout_basic, nrook_mini_backslash

Skill      XL: |  1  2  3  4 |
---------------+-------------+-----
Spellcasting   | 1 2 |  2.1
Fighting       | 2 |  2.4
Unarmed Combat | 1 2 |  2.0
Polearms       | |  0.4
Dodging        | |  2.3
Stealth        | |  1.3
Evocations     | |  3.2

Action                   |  1- 3 |  4- 6 || total
-------------------------+-------+-------++-------
Melee: Unarmed           |   102 |       ||   102
       Tentacles         |    22 |     1 ||    23
       Constrict         |    24 |     4 ||    28
       Punch             |     3 |       ||     3
       Trident           |       |    37 ||    37
 Stab: Sleeping          |     6 |     4 ||    10
Armor: Skin              |     7 |       ||     7
Dodge: Dodged            |    60 |    11 ||    71
